 Dungeon Crawl Stone Soup version 0.21.1-1-g345015f (webtiles) character file.

820 nicolaieve the Cleaver (level 7, -8/57 HPs)
             Began as a Minotaur Berserker on June 18, 2018.
             Was a Priest of Trog.
             Mangled by an orc warrior
             ... wielding a +2 dire flail of crushing
              (14 damage)
             ... on level 4 of the Dungeon.
             The game lasted 00:11:45 (2289 turns).

nicolaieve the Cleaver (Minotaur Berserker)         Turns: 2289, Time: 00:11:46

Health: -8/57      AC:  5    Str: 22    XL:     7   Next: 63%
Magic:  6/6        EV: 11    Int:  4    God:    Trog [***...]
Gold:   154        SH:  0    Dex: 11    Spells: 6/6 levels left

rFire    . . .     SeeInvis .   u - +1 war axe (chop)
rCold    . . .     Gourm    .   (no shield)
rNeg     . . .     Faith    .   f - +0 ring mail
rPois    .         Spirit   .   (helmet restricted)
rElec    .         Reflect  .   (no cloak)
rCorr    .         Harm     .   (no gloves)
MR       .....                  (no boots)
Stlth    +.........             (no amulet)
HPRegen  0.19/turn              (no ring)
MPRegen  0.10/turn              (no ring)

@: no status effects
A: retaliatory headbutt, horns 2
a: Berserk, Trog's Hand, Burn Spellbooks, Renounce Religion


You were on level 4 of the Dungeon.
You worshipped Trog.
Trog was most pleased with you.
You were not hungry.

You visited 1 branch of the dungeon, and saw 4 of its levels.

You collected 154 gold pieces.

Inventory:

Hand Weapons
 a - a +0 hand axe
 t - a +1 flail of holy wrath
 u - a +1 war axe of chopping (weapon)
Armour
 b - a +0 animal skin
 f - a +0 ring mail (worn)
Scrolls
 h - 2 scrolls of teleportation {unknown}
 i - 2 scrolls of magic mapping {unknown}
 j - a scroll of immolation {unknown}
 k - 2 scrolls of fog {unknown}
 m - a scroll of random uselessness {unknown}
 p - a scroll of blinking {unknown}
 r - 3 scrolls of remove curse {unknown}
 w - 3 scrolls of identify {unknown}
 x - a scroll of noise {unknown}
 y - a scroll of amnesia {unknown}
Potions
 e - 2 potions of agility {unknown}
 g - a potion of magic {unknown}
 l - 3 potions of lignification {unknown}
 n - 3 potions of curing {unknown}
 o - 3 potions of flight {unknown}
 q - a potion of heal wounds {unknown}
 s - a potion of ambrosia {unknown}
 v - a potion of haste
Comestibles
 c - 11 rations
 d - 6 chunks of flesh


   Skills:
 - Level 3.6 Fighting
 + Level 10.8 Axes
 - Level 2.4 Armour
 - Level 2.1 Dodging


You had 6 spell levels left.
You didn't know any spells.

Dungeon Overview and Level Annotations

Branches:
Dungeon (4/15)
 Temple: D:4-7

Altars:
Okawaru
Trog
Vehumet


Innate Abilities, Weirdness & Mutations

You reflexively headbutt those who attack you in melee.
You have a pair of horns on your head.


Message History

Things that are here:
a runed falchion; a ring mail
Found a stone staircase leading down.
An orc warrior and an orc wizard come into view.
The orc warrior is wielding a dire flail of crushing.
The orc wizard is wielding a dagger of venom.
The orc warrior shouts!
You hear a shout! x2
The orc warrior hits you but does no damage.
You barely miss the orc warrior.
You headbutt the orc warrior, but do no damage.
The orc warrior barely misses you.
An orc comes into view.
You hit the orc warrior. Your headbutt misses the orc warrior.
The orc warrior is lightly wounded.
The orc warrior hits you with a dire flail of crushing!!
* * * LOW HITPOINT WARNING * * *
x2 An orc comes into view. It is wielding a short sword.
You hit the orc warrior but do no damage.
The orc warrior is lightly wounded.
The orc warrior hits you with a dire flail of crushing!
You die...

# ## ##. #.. . ### #.#
..# ..# #†# ....# #.#
#######.#
.....o##>#####
#.......# #ooo@.....#
#.#####.# #.###.###.#
#.#####.# # ###.# #.#
#.##....# #.#...# #.#
#.##..#.#
###....####.###.##....#
+........>.)...........
###.........######...##
###.##.#### #..## ##
#.# #.##


You could see an orc warrior, an orc wizard and 2 orcs.

Vanquished Creatures
  Pikel (D:4)
  A slave (D:4)
  2 orc priests
  2 orc wizards
  An iguana (D:4)
  Terence (D:3)
  A worker ant (D:4)
  4 gnolls (D:3)
  4 adders
  3 worms
  A leopard gecko (D:2)
  10 orcs
  A ball python (D:4)
  2 giant cockroaches
  6 hobgoblins
  8 jackals
  2 quokkas
  7 bats
  4 frilled lizards
  7 goblins
  9 kobolds
  6 rats
83 creatures vanquished.

Vanquished Creatures (others)
  An orc (D:3)
1 creature vanquished.

Grand Total: 84 creatures vanquished

Notes
Turn   | Place    | Note
-------+----------+-------------------------------------------
     0 | D:1      | nicolaieve the Minotaur Berserker began the quest for the Orb.
     0 | D:1      | Reached XP level 1. HP: 19/19 MP: 0/0
    57 | D:1      | Reached skill level 4 in Axes
   481 | D:1      | Reached XP level 2. HP: 26/26 MP: 1/1
   999 | D:2      | Reached skill level 5 in Axes
  1004 | D:2      | Reached ** piety under Trog
  1004 | D:2      | Reached XP level 3. HP: 22/31 MP: 2/2
  1312 | D:2      | Found a bloodstained altar of Trog.
  1313 | D:2      | Found an iron altar of Okawaru.
  1463 | D:3      | Found an iron altar of Okawaru.
  1471 | D:3      | Reached XP level 4. HP: 25/39 MP: 3/3
  1486 | D:3      | Reached skill level 6 in Axes
  1545 | D:3      | Noticed Terence
  1555 | D:3      | Killed Terence
  1561 | D:3      | Reached XP level 5. HP: 33/45 MP: 4/4
  1565 | D:3      | Reached skill level 7 in Axes
  1702 | D:3      | Found a radiant altar of Vehumet.
  2089 | D:4      | Reached skill level 8 in Axes
  2095 | D:4      | Reached XP level 6. HP: 47/51 MP: 5/5
  2165 | D:4      | Noticed Pikel
  2165 | D:4      | Noticed a slave
  2166 | D:4      | Noticed a slave
  2166 | D:4      | Noticed a slave
  2166 | D:4      | Noticed a slave
  2176 | D:4      | Killed a slave
  2178 | D:4      | Killed Pikel
  2178 | D:4      | Reached skill level 10 in Axes
  2178 | D:4      | Reached XP level 7. HP: 19/57 MP: 6/6
  2204 | D:4      | Reached *** piety under Trog
  2289 | D:4      | Mangled by an orc warrior

Skill      XL: |  1  2  3  4  5  6 |
---------------+-------------------+-----
Axes           | 4 5 6 8 10 | 10.8
Fighting       | |  3.6
Armour         | |  2.4
Dodging        | |  2.1

Action                   |  1- 3 |  4- 6 |  7- 9 || total
-------------------------+-------+-------+-------++-------
Melee: Hand axe          |    83 |    36 |       ||   119
       Headbutt          |    12 |     8 |     2 ||    22
       War axe           |       |    35 |    14 ||    49
Invok: Berserk           |       |     3 |       ||     3
       Trog's Hand       |       |     1 |       ||     1
  Eat: Chunk             |     2 |     4 |     2 ||     8
Armor: Ring mail         |    39 |    24 |     4 ||    67
Dodge: Dodged            |    45 |    45 |     5 ||    95
